MLB
SEATTLE MARINERS @ BOSTON RED SOX
08/29/2098
 
TOP OF THE 1ST
Seattle Mariners batting - Pitching for Boston Red Sox : RHP Colin Marko
Pitching: RHP Colin Marko
Batting: LHB Omar Perez 0-0: Ball
1-0: Foul Ball, location: 5F
1-1: Called Strike
1-2: SOLO HOME RUN (Flyball, 9LD, EV 96.3 MPH), Distance : 325 ft
Batting: RHB Jaime Callahan 0-0: Called Strike
0-1: Ball
1-1: Foul Ball, location: 25FF
1-2: Hit by Pitch
Batting: SHB John Brownfield 0-0: Ball
1-0: Called Strike
1-1: Ball
2-1: Fly out, F8 (Line Drive, 8LM, EV 101.3 MPH)
Batting: LHB Keith Bundy 0-0: Swinging Strike
0-1: Swinging Strike
0-2: Foul Ball, location: 3DF
0-2: Ball
1-2: Strikes out swinging
Batting: RHB Kenny Dahl 0-0: Ball
1-0: Ball
2-0: Called Strike
2-1: Reached on error, E6 (Groundball, 6M, EV 80.6 MPH)
Jaime Callahan to second
Batting: LHB Jon Garza 0-0: SINGLE (Flyball, 6D, EV 88.1 MPH)
Jaime Callahan to third
Kenny Dahl to second
Runner from 3rd tries for Home, SAFE, throw by CF to home
Batting: LHB Tim Larsen 0-0: 3-RUN HOME RUN (Flyball, 9D, EV 106.9 MPH), Distance : 400 ft
Batting: SHB Rob Brady 0-0: Ball
1-0: Ball
2-0: Called Strike
2-1: SINGLE (Line Drive, 6MD, EV 96.3 MPH)
Batting: RHB Brad Bargfrede 0-0: Ball
Rob Brady steals 2nd base
1-0: Ball
2-0: Ground out 5-3 (Groundball, 56S, EV 85.0 MPH)
Top of the 1st over - 5 runs, 4 hits, 1 error, 1 left on base; Seattle 5 - Boston 0
BOTTOM OF THE 1ST
Boston Red Sox batting - Pitching for Seattle Mariners : LHP John McWilliams
Pitching: LHP John McWilliams
Batting: LHB Tyler Brown 0-0: Ball
1-0: Called Strike
1-1: Called Strike
1-2: Ball
2-2: Fly out, F7 (Flyball, 78M, EV 93.8 MPH)
Batting: SHB Tyler Den Hartog 0-0: Called Strike
0-1: Ball
1-1: Foul Ball, location: 9LSF
1-2: SOLO HOME RUN (Line Drive, 78XD, EV 115.6 MPH), Distance : 473 ft
Batting: LHB Michael Lindstrom 0-0: Reached via error on a dropped throw from 1B, E1 (Groundball, 34S, EV 99.4 MPH)
Batting: RHB Joe Fowler 0-0: Ball
1-0: Grounds into double play, 5-4-3 (Groundball, 56S, EV 90.6 MPH)
Bottom of the 1st over - 1 run, 1 hit, 1 error, 0 left on base; Seattle 5 - Boston 1
TOP OF THE 2ND
Seattle Mariners batting - Pitching for Boston Red Sox : RHP Colin Marko
Batting: LHB Omar Perez 0-0: Fly out, F8 (Line Drive, 8RD, EV 86.3 MPH)
Batting: RHB Jaime Callahan 0-0: Ball
1-0: Called Strike
1-1: Swinging Strike
1-2: Fly out, F6 (Popup, 4M, EV 55.0 MPH)
Batting: SHB John Brownfield 0-0: Foul Ball, location: 2F
0-1: Fly out, F8 (Flyball, 78M, EV 89.4 MPH)
Top of the 2nd over - 0 runs, 0 hits, 0 errors, 0 left on base; Seattle 5 - Boston 1
BOTTOM OF THE 2ND
Boston Red Sox batting - Pitching for Seattle Mariners : LHP John McWilliams
Batting: RHB Nate Campbell 0-0: Ground out 5-3 (Groundball, 56, EV 86.9 MPH)
Batting: LHB Chris Kautz 0-0: Ball
1-0: Foul Ball, location: 3FF
1-1: SINGLE (Line Drive, 34D, EV 69.4 MPH)
Batting: LHB Marquise Woods 0-0: Ball
1-0: Foul Ball, location: 25FF
1-1: Fly out, F2 (Popup, 23F, EV 87.5 MPH)
Batting: LHB Sergio Mejia 0-0: Ball
1-0: Hit by Pitch
Chris Kautz to second
Batting: RHB Pieter Janssen 0-0: Called Strike
0-1: DOUBLE (Groundball, 5L, EV 106.9 MPH)
Chris Kautz scores
Sergio Mejia to third
Runner from 3rd tries for Home, SAFE, no throw by LF
Batting: LHB Tyler Brown 0-0: Called Strike
0-1: Ball
1-1: Foul Ball, location: 2F
1-2: Ground out 4-3 (Groundball, 4S, EV 83.8 MPH)
Bottom of the 2nd over - 2 runs, 2 hits, 0 errors, 1 left on base; Seattle 5 - Boston 3
TOP OF THE 3RD
Seattle Mariners batting - Pitching for Boston Red Sox : RHP Colin Marko
Batting: LHB Keith Bundy 0-0: Ball
1-0: SINGLE (Groundball, 6MD, EV 104.4 MPH)
Batting: RHB Kenny Dahl 0-0: Ball
1-0: Called Strike
1-1: Called Strike
1-2: Fly out, F9 (Flyball, 89M, EV 88.1 MPH)
Batting: LHB Jon Garza 0-0: Ball
1-0: SINGLE (Line Drive, 7S, EV 101.9 MPH)
Keith Bundy to second
Batting: LHB Tim Larsen 0-0: Ball
1-0: SINGLE (Line Drive, 6D, EV 106.9 MPH)
Keith Bundy to third
Jon Garza to second
Batting: SHB Rob Brady 0-0: Called Strike
0-1: Called Strike
0-2: Strikes out looking
Batting: RHB Brad Bargfrede 0-0: Ball
1-0: Foul Ball, location: 5F
1-1: Ball
2-1: Called Strike
2-2: Fly out, F8 (Flyball, 89D, EV 111.3 MPH)
Top of the 3rd over - 0 runs, 3 hits, 0 errors, 3 left on base; Seattle 5 - Boston 3
BOTTOM OF THE 3RD
Boston Red Sox batting - Pitching for Seattle Mariners : LHP John McWilliams
Batting: SHB Tyler Den Hartog 0-0: Ball
1-0: Ball
2-0: Ball
3-0: Called Strike
3-1: SINGLE (Groundball, 34D, EV 95.6 MPH)
Batting: LHB Michael Lindstrom 0-0: Called Strike
0-1: Foul Ball, location: 3FF
0-2: Ball
1-2: Ball
2-2: Hit by Pitch
Tyler Den Hartog to second
Batting: RHB Joe Fowler 0-0: Ball
1-0: Ball
2-0: Foul Ball, location: 2F
2-1: Fly out, F8 (Flyball, 8LXD, EV 110.6 MPH)
Runner from 2nd tags up, SAFE at 3rd, no throw by CF
Batting: RHB Nate Campbell 0-0: Ball
1-0: Ball
2-0: Called Strike
2-1: Ball
3-1: Called Strike
3-2: Strikes out swinging
Batting: LHB Chris Kautz 0-0: Called Strike
0-1: Ball
1-1: Called Strike
1-2: Ball
2-2: Foul Ball, location: 5SF
2-2: Ball
3-2: Fly out, F8 (Flyball, 8LM, EV 90.6 MPH)
Bottom of the 3rd over - 0 runs, 1 hit, 0 errors, 2 left on base; Seattle 5 - Boston 3
TOP OF THE 4TH
Seattle Mariners batting - Pitching for Boston Red Sox : RHP Colin Marko
Batting: LHB Omar Perez 0-0: Ball
1-0: Ball
2-0: Called Strike
2-1: Ball
3-1: Fly out, F7 (Flyball, 7LM, EV 95.6 MPH)
Batting: RHB Jaime Callahan 0-0: Called Strike
0-1: Ball
1-1: Ball
2-1: Foul Ball, location: 25F
2-2: Ball
3-2: Strikes out swinging
Batting: SHB John Brownfield 0-0: Ball
1-0: Ground out 1-3 (Groundball, 13S, EV 69.4 MPH)
Top of the 4th over - 0 runs, 0 hits, 0 errors, 0 left on base; Seattle 5 - Boston 3
BOTTOM OF THE 4TH
Boston Red Sox batting - Pitching for Seattle Mariners : LHP John McWilliams
Pitching: RHP Trevor Killy
Batting: LHB Marquise Woods 0-0: Foul Ball, location: 7LMF
0-1: Bunt missed!
0-2: Ball
1-2: SINGLE (Groundball, 6M, EV 109.4 MPH) (infield hit)
Batting: LHB Sergio Mejia 0-0: Ball
1-0: Called Strike
1-1: Called Strike
1-2: Foul Ball, location: 2F
1-2: Ball
2-2: Fly out, F8 (Line Drive, 78M, EV 105.0 MPH)
Batting: RHB Pieter Janssen 0-0: Foul Ball, location: 9LSF
0-1: Ball
1-1: Fielders Choice at 2nd, 5-4 (Groundball, 5D, EV 98.1 MPH)
Batting: LHB Tyler Brown 0-0: Ball
1-0: Swinging Strike
1-1: Fly out, F7 (Flyball, 7S, EV 94.4 MPH)
Bottom of the 4th over - 0 runs, 1 hit, 0 errors, 1 left on base; Seattle 5 - Boston 3
TOP OF THE 5TH
Seattle Mariners batting - Pitching for Boston Red Sox : RHP Colin Marko
Batting: LHB Keith Bundy 0-0: Ball
1-0: Ball
2-0: SINGLE (Line Drive, 4M, EV 110.0 MPH)
Batting: RHB Kenny Dahl 0-0: Ball
1-0: Ball
2-0: Called Strike
2-1: Ball
3-1: TRIPLE (Line Drive, 89XD, EV 108.1 MPH)
Keith Bundy scores
Pitching: LHP Joe Carver
Batting: LHB Jon Garza 0-0: Foul Ball, location: 2F
0-1: Ball
1-1: Reached via error on a dropped throw from 1B, E1 (Groundball, 34, EV 103.8 MPH)
Kenny Dahl scores
Batting: LHB Tim Larsen 0-0: Called Strike
0-1: Called Strike
0-2: Ball
1-2: Ball
2-2: Fly out, F9 (Line Drive, 89M, EV 91.3 MPH)
Batting: SHB Rob Brady 0-0: Foul Ball, location: 7LMF
0-1: Foul Ball, location: 9LDF
0-2: Foul Ball, location: 2F
0-2: Ball
1-2: Foul Ball, location: 2F
1-2: Ball
2-2: Ball
3-2: TRIPLE (Flyball, 89XD, EV 97.5 MPH)
Jon Garza scores
Batting: RHB Brad Bargfrede 0-0: Ball
1-0: SINGLE (Line Drive, 8LS, EV 85.6 MPH)
Rob Brady scores
Batting: LHB Omar Perez 0-0: Foul Ball, location: 2F
0-1: Foul Ball, location: 25FF
0-2: Ball
1-2: Ball
2-2: Foul Ball, location: 23F
2-2: Foul Ball, location: 2F
2-2: Foul Ball, location: 2F
2-2: Foul Ball, location: 2F
2-2: DOUBLE (Flyball, 8LXD, EV 95.6 MPH)
Brad Bargfrede to third
Runner from 3rd tries for Home, SAFE, throw by CF to home
Batting: RHB Jaime Callahan 0-0: Ball
1-0: Called Strike
1-1: Ball
2-1: Called Strike
2-2: SINGLE (Line Drive, 9S, EV 96.3 MPH)
Omar Perez to third
Batting: SHB John Brownfield 0-0: Ball
1-0: Ball
2-0: Called Strike
2-1: Grounds into double play, 6-4-3 (Groundball, 6, EV 89.4 MPH)
Top of the 5th over - 5 runs, 6 hits, 1 error, 1 left on base; Seattle 10 - Boston 3
BOTTOM OF THE 5TH
Boston Red Sox batting - Pitching for Seattle Mariners : RHP Trevor Killy
Batting: SHB Tyler Den Hartog 0-0: Ball
1-0: Called Strike
1-1: Swinging Strike
1-2: Strikes out swinging
Batting: LHB Michael Lindstrom 0-0: Called Strike
0-1: Called Strike
0-2: Strikes out swinging
Batting: RHB Joe Fowler 0-0: Ball
1-0: Called Strike
1-1: Foul Ball, location: 9LDF
1-2: Foul Ball, location: 7LSFF
1-2: Fly out, F8 (Flyball, 89M, EV 97.5 MPH)
Bottom of the 5th over - 0 runs, 0 hits, 0 errors, 0 left on base; Seattle 10 - Boston 3
TOP OF THE 6TH
Seattle Mariners batting - Pitching for Boston Red Sox : LHP Joe Carver
Batting: LHB Keith Bundy 0-0: Ball
1-0: Foul Ball, location: 7LMF
1-1: Ground out 4-3 (Groundball, 4, EV 83.8 MPH)
Pitching: LHP Jim Bauwens
Batting: RHB Kenny Dahl 0-0: Ball
1-0: Foul Ball, location: 5FF
1-1: Fly out, F9 (Flyball, 9S, EV 75.0 MPH)
Batting: LHB Jon Garza 0-0: Ball
1-0: Foul Ball, location: 2F
1-1: Foul Ball, location: 2F
1-2: Foul Ball, location: 2F
1-2: Ball
2-2: Ball
3-2: Strikes out swinging
Top of the 6th over - 0 runs, 0 hits, 0 errors, 0 left on base; Seattle 10 - Boston 3
BOTTOM OF THE 6TH
Boston Red Sox batting - Pitching for Seattle Mariners : RHP Trevor Killy
Batting: RHB Nate Campbell 0-0: Ball
1-0: Called Strike
1-1: Ball
2-1: Ball
3-1: Called Strike
3-2: Strikes out swinging
Batting: LHB Chris Kautz 0-0: Ball
1-0: Ball
2-0: Foul Ball, location: 2F
2-1: Ball
3-1: Base on Balls
Pitching: RHP Luis Reyes
Batting: LHB Marquise Woods 0-0: Foul Ball, location: 5FF
0-1: Ball
1-1: Called Strike
1-2: Ball
2-2: Ball
3-2: Strikes out swinging
Batting: LHB Sergio Mejia 0-0: Ball
1-0: Foul Ball, location: 5SF
1-1: Called Strike
1-2: Strikes out swinging
Bottom of the 6th over - 0 runs, 0 hits, 0 errors, 1 left on base; Seattle 10 - Boston 3
TOP OF THE 7TH
Seattle Mariners batting - Pitching for Boston Red Sox : LHP Jim Bauwens
Batting: LHB Tim Larsen 0-0: Ball
1-0: Fly out, F4 (Line Drive, 4D, EV 66.9 MPH)
Batting: SHB Rob Brady 0-0: Ball
1-0: Called Strike
1-1: Ball
2-1: Called Strike
2-2: Ball
3-2: Strikes out looking
Batting: RHB Brad Bargfrede 0-0: Ball
1-0: Called Strike
1-1: Fly out, F9 (Flyball, 9D, EV 111.3 MPH)
Top of the 7th over - 0 runs, 0 hits, 0 errors, 0 left on base; Seattle 10 - Boston 3
BOTTOM OF THE 7TH
Boston Red Sox batting - Pitching for Seattle Mariners : RHP Luis Reyes
Batting: RHB Pieter Janssen 0-0: Foul Ball, location: 9LSF
0-1: Fly out, F9 (Flyball, 9D, EV 105.6 MPH)
Batting: LHB Tyler Brown 0-0: Ball
1-0: Ball
2-0: DOUBLE (Line Drive, 78XD, EV 110.0 MPH)
Batting: SHB Tyler Den Hartog 0-0: Foul Ball, location: 3F
0-1: Swinging Strike
0-2: Ball
1-2: Strikes out looking
Batting: LHB Michael Lindstrom 0-0: Foul Ball, location: 5F
0-1: Swinging Strike
0-2: Ball
1-2: 2-RUN HOME RUN (Flyball, 7D, EV 96.9 MPH), Distance : 396 ft
Batting: RHB Joe Fowler 0-0: SINGLE (Groundball, 56D, EV 95.0 MPH)
Pitching: RHP Danny Enriquez
Batting: RHB Nate Campbell 0-0: Swinging Strike
0-1: Ball
1-1: Fly out, F9 (Flyball, 9D, EV 109.4 MPH)
Bottom of the 7th over - 2 runs, 3 hits, 0 errors, 1 left on base; Seattle 10 - Boston 5
TOP OF THE 8TH
Seattle Mariners batting - Pitching for Boston Red Sox : LHP Jim Bauwens
Batting: LHB Omar Perez 0-0: Called Strike
0-1: Called Strike
0-2: Ball
1-2: Foul Ball, location: 25FF
1-2: Fly out, F7 (Line Drive, 7S, EV 96.9 MPH)
Batting: RHB Jaime Callahan 0-0: Ball
1-0: Foul Ball, location: 5FF
1-1: DOUBLE (Flyball, 89D, EV 96.3 MPH)
Batting: SHB John Brownfield 0-0: Called Strike
0-1: Ball
1-1: Swinging Strike
1-2: Ball
2-2: Ball
3-2: Base on Balls
Pitching: RHP Chris Hardy
Batting: LHB Keith Bundy 0-0: Grounds into double play, 4-6-3 (Groundball, 4, EV 105.0 MPH)
Top of the 8th over - 0 runs, 1 hit, 0 errors, 1 left on base; Seattle 10 - Boston 5
BOTTOM OF THE 8TH
Boston Red Sox batting - Pitching for Seattle Mariners : RHP Danny Enriquez
Batting: LHB Chris Kautz 0-0: Called Strike
0-1: Ball
1-1: Ball
2-1: Foul Ball, location: 2F
2-2: Foul Ball, location: 7LMF
2-2: Foul Ball, location: 23F
2-2: Ball
3-2: Base on Balls
Batting: LHB Marquise Woods 0-0: Ball
1-0: Swinging Strike
1-1: Foul Ball, location: 7LDF
1-2: Strikes out swinging
Batting: LHB Sergio Mejia 0-0: Ball
1-0: Ball
2-0: Grounds into double play, 4-6-3 (Groundball, 4, EV 90.6 MPH)
Bottom of the 8th over - 0 runs, 0 hits, 0 errors, 0 left on base; Seattle 10 - Boston 5
TOP OF THE 9TH
Seattle Mariners batting - Pitching for Boston Red Sox : RHP Chris Hardy
Batting: RHB Kenny Dahl 0-0: Foul Ball, location: 2F
0-1: Swinging Strike
0-2: Strikes out swinging
Batting: LHB Jon Garza 0-0: Fly out, F8 (Flyball, 8LS, EV 81.3 MPH)
Batting: LHB Tim Larsen 0-0: Ball
1-0: DOUBLE (Flyball, 89XD, EV 99.4 MPH)
Batting: SHB Rob Brady 0-0: Ball
1-0: Called Strike
1-1: Swinging Strike
1-2: Strikes out looking
Top of the 9th over - 0 runs, 1 hit, 0 errors, 1 left on base; Seattle 10 - Boston 5
BOTTOM OF THE 9TH
Boston Red Sox batting - Pitching for Seattle Mariners : RHP Danny Enriquez
Pinch Hitting: LHB Dan McCartney 0-0: Swinging Strike
0-1: SOLO HOME RUN (Flyball, 9D, EV 108.8 MPH), Distance : 415 ft
Batting: LHB Tyler Brown 0-0: Called Strike
0-1: Ball
1-1: Called Strike
1-2: Ball
2-2: Foul Ball, location: 23FF
2-2: Foul Ball, location: 2F
2-2: Foul Ball, location: 2F
2-2: Foul Ball, location: 2F
2-2: Strikes out swinging, 2-3 out at first.
Batting: SHB Tyler Den Hartog 0-0: Ball
1-0: Called Strike
1-1: Ball
2-1: SOLO HOME RUN (Flyball, 9D, EV 101.9 MPH), Distance : 392 ft
Batting: LHB Michael Lindstrom 0-0: Foul Ball, location: 7LDF
0-1: Called Strike
0-2: Strikes out swinging
Pitching: RHP Ernie Lydon
Batting: RHB Joe Fowler 0-0: Ball
1-0: Ground out 5-3 (Groundball, 56, EV 81.9 MPH)
Bottom of the 9th over - 2 runs, 2 hits, 0 errors, 0 left on base; Seattle 10 - Boston 7
Sunday, April 14th , 2024 - OOTP Baseball 24.11 Build 85